 Dungeon Crawl Stone Soup version 0.27-a0-1325-g58a489a (webtiles) character file.

Game seed: 7275432822080396230

34 Illumine the Skirmisher (level 3, -6/33 HPs)
             Began as a Minotaur Fighter on June 23, 2021.
             Mangled by an ogre (23 damage)
             ... on level 3 of the Dungeon.
             The game lasted 00:00:57 (1241 turns).

Illumine the Skirmisher (Minotaur Fighter)          Turns: 1241, Time: 00:00:58

Health: -6/33      AC: 10    Str: 21    XL:     3   Next: 14%
Magic:  2/2        EV:  5    Int:  5    God:
Gold:   52         SH:  9    Dex:  9    Spells: 2/2 levels left

rFire    . . .     SeeInvis +   a - +0 war axe
rCold    . . .     Faith    .   c - +0 kite shield
rNeg     . . .     Spirit   .   i - +0 chain mail
rPois    .         Reflect  .   (helmet restricted)
rElec    .         Harm     .   (no cloak)
rCorr    .         Rampage  .   f - +0 pair of gloves
Will     .....                  (no boots)
Stlth    ..........             (no amulet)
HPRegen  0.11/turn              e - ring of see invisible
MPRegen  0.08/turn              (no ring)

@: no status effects
A: horns 2, retaliatory headbutt
a: no special abilities


You were on level 3 of the Dungeon.
You visited 1 branch of the dungeon, and saw 3 of its levels.

You collected 52 gold pieces.

Inventory:

Hand Weapons
 a - a +0 war axe (weapon)
Armour
 c - a +0 kite shield (worn)
 f - a +0 pair of gloves (worn)
 i - a +0 chain mail (worn)
Jewellery
 e - a ring of see invisible (left hand)
Scrolls
 g - a scroll of identify {unknown}
Potions
 d - a potion of might
 h - a potion of heal wounds {unknown}


   Skills:
 + Level 4.0 Fighting
 * Level 3.3 Axes
 + Level 4.0 Armour
 + Level 4.0 Shields


You had 2 spell levels left.
You didn't know any spells.
Your spell library contained the following spells:

 Spells                   Type           Power      Damage    Failure   Level
 Ensorcelled Hibernation  Hex/Ice        0%         N/A       100%        2
 Poisonous Vapours        Pois/Air       0%         N/A       100%        2
 Confusing Touch          Hex            0%         N/A       100%        3
 Gell's Gravitas          Tloc           0%         N/A       100%        3
 Petrify                  Tmut/Erth      0%         N/A       100%        4
 Summon Lightning Spire   Summ/Air       0%         N/A       100%        4
 Metabolic Englaciation   Hex/Ice        0%         N/A       100%        5
 Summon Mana Viper        Hex/Summ       0%         N/A       100%        5
 Yara's Violent Unravell  Hex/Tmut       0%         3d3       100%        5


Dungeon Overview and Level Annotations

Branches:
Dungeon (3/15)

Altars:


Innate Abilities, Weirdness & Mutations

You have a pair of horns on your head.
You reflexively headbutt those who attack you in melee.


Message History

You feel sick.
You are no longer poisoned.
The adder completely misses you. The adder bites you but does no damage.
You barely miss the adder.
The adder is lightly wounded.
You block the adder's attack. The adder bites you but does no damage.
You hit the adder but do no damage.
The adder is lightly wounded.
The adder bites you but does no damage. You block the adder's attack.
You slash the adder!
The adder is severely wounded.
The adder bites you but does no damage. x2
You slash the adder!
You kill the adder!
Your Fighting skill increases to level 4!
Your Armour skill increases to level 4!
Your Shields skill increases to level 4!
You have reached level 3!
Your experience leads to an increase in your attributes!
Increase (S)trength, (I)ntelligence, or (D)exterity?
You feel stronger.
You start resting.
An adder comes into view.
You start resting.
HP restored.
An ogre comes into view. It is wielding a +0 giant club.
The ogre shouts!
An ogre is nearby!
The ogre hits you but does no damage.
An ogre is nearby!
Your shield prevents you from hitting the ogre.
The ogre hits you with a +0 giant club!
You hit the ogre. You headbutt the ogre.
The ogre is moderately wounded.
The ogre barely misses you. You furiously retaliate!
You headbutt the ogre! You barely miss the ogre.
The ogre is severely wounded.
The ogre hits you with a +0 giant club!!
Ouch! That really hurt!
You die...

#..............#
#..............#
######..............#
#................)..#
#...................#
#.......#######.....
#.......# ....
#.......# ..
#...@...# #..O....#
#.....!.# #.......#
#.......# #.......#
........# .....#####


You could see an ogre.

Vanquished Creatures
  An adder (D:3)
  4 bats (D:1)
  An endoplasm (D:1)
  A giant cockroach (D:3)
  4 goblins (D:1)
  2 hobgoblins
  3 kobolds (D:1)
  3 quokkas (D:1)
  3 ball pythons
  A frilled lizard (D:1)
23 creatures vanquished.

Notes
Turn   | Place    | Note
-------+----------+-------------------------------------------
     0 | D:1      | Illumine the Minotaur Fighter began the quest for the Orb.
     0 | D:1      | Reached XP level 1. HP: 19/19 MP: 0/0
    13 | D:1      | Identified the Handbook of Gliding Hexes
   282 | D:1      | Reached XP level 2. HP: 17/27 MP: 1/1
   903 | D:2      | You fall into a shaft and drop 1 floor!
   993 | D:3      | Reached XP level 3. HP: 6/33 MP: 2/2
  1235 | D:3      | Noticed an ogre
  1241 | D:3      | Mangled by an ogre

Illustrated notes

Levels and vault maps discovered:
D:1:      nagdon_arrival_zigzag_paths, layout_rooms
D:2:      layout_basic
D:3:      layout_basic, dilly_ecumenical_altar_fadedgnrine, uniq_jessica,
          uniq_natasha

Skill      XL: |  1  2 |
---------------+-------+-----
Axes           | 3 |  3.3
Fighting       | 4 |  4.0
Armour         | 4 |  4.0
Shields        | 4 |  4.0

Action                   || total
-------------------------++-------
Melee: War axe           ||    63
       Headbutt          ||    11
Armor: Scale mail        ||    16
       Chain mail        ||    22
Dodge: Dodged            ||    21
Block: Kite shield       ||    34

Table legend: (Time is in decaauts)
 A = Elapsed time spent in this place.
 B = Non-inter-level travel time spent in this place.
 C = Inter-level travel time spent in this place.
 D = Time resting spent in this place.
 E = Time spent auto-exploring this place.
 F = Levels seen in this place.
 G = Mean time per level.
                   A        B        C        D        E       F      G
               +--------+--------+--------+--------+--------+-----+--------+
         Total |   1275 |   1255 |     20 |    319 |    724 |   3 |  425.0 |
       Dungeon |   1275 |   1255 |     20 |    319 |    724 |   3 |  425.0 |
               +--------+--------+--------+--------+--------+-----+--------+

Top non-repeatable levels by time:
     D:1: 826 daAuts
     D:3: 350 daAuts
     D:2: 98 daAuts
